 Dungeon Crawl Stone Soup version 0.31.0-11-ge490571c62 (webtiles) character file.

Game seed: 13836720399581241302

579 qw the Skirmisher (level 7, 0/40 HPs)
             Began as a Deep Elf Hunter on Feb 3, 2024.
             Slain by Dowan
             ... wielding a +5 dagger of flaming
              (2 damage)
             ... on level 5 of the Dungeon.
             The game lasted 00:00:13 (2775 turns).

qw the Skirmisher (Deep Elf Hunter)                 Turns: 2775, Time: 00:00:13

Health: 0/40       AC:  8    Str: 10    XL:     7   Next: 13%
Magic:  9/9        EV: 12    Int: 14    God:
Gold:   212        SH:  0    Dex: 18    Spells: 6/6 levels left

rFire   . . .        a - +2 shortbow (heavy)
rCold   . . .        (shield currently unavailable)
rNeg    . . .        e - +0 ring mail
rPois   .            h - +0 helmet
rElec   .            (no cloak)
rCorr   .            i - +1 pair of gloves
SInv    .            (no boots)
Will    .....        c - amulet of the acrobat
Stlth   +            (no ring)
HPRegen 0.26/turn    (no ring)
MPRegen 0.11/turn

%: acrobat
@: about to teleport
A: no striking features
a: no special abilities


You were on level 5 of the Dungeon.
You visited 1 branch of the dungeon, and saw 5 of its levels.

You collected 266 gold pieces.
You spent 54 gold pieces at shops.


   Skills:
 - Level 2.5 Fighting
 + Level 10.0 Ranged Weapons
 - Level 1.1 Armour
 - Level 4.0 Dodging
 - Level 1.2 Stealth


You had 6 spell levels left.
You didn't know any spells.
Your spell library was empty.

Inventory:

Hand Weapons
 a - a +2 heavy shortbow (weapon)
Armour
 e - a +0 ring mail (worn)
 h - a +0 helmet (worn)
 i - a +1 pair of gloves (worn)
Jewellery
 c - an amulet of the acrobat (around neck)
Wands
 b - a wand of charming (11)
 d - a wand of roots (13)
Potions
 f - a potion of might
 l - a potion of cancellation {unknown}

Dungeon Overview and Level Annotations

Branches:
Dungeon (5/15)
 Temple: D:4-7

Altars:
Xom

Shops:
D:1 ?   D:2 [

Annotations:
D:2 1 runed translucent door, Crazy Yiuf
D:5 Dowan


Message History

You kill the adder!
The orc barely misses you.
You shoot an arrow. The arrow hits the orc.
You kill the orc!
You hear a shout!
The orc hits you but does no damage. The orc hits you with a +0 mace.
Dowan, Brother of Duvessa comes into view.
He is wielding a +5 dagger of flaming.
You shoot an arrow. The arrow hits the orc!
You kill the orc!
Duvessa, Sister of Dowan comes into view.
She is wielding a +0 short sword.
2769 ||| FLEEEEING.
You shoot an arrow. The arrow hits Duvessa!!
Duvessa is heavily wounded.
Duvessa hits you with a +0 short sword. x2
You shoot an arrow. The arrow hits Duvessa.
Duvessa is severely wounded.
Duvessa misses you.
You shoot an arrow. The arrow hits Duvessa.
Duvessa is severely wounded.
Duvessa hits you with a +0 short sword.
You shoot an arrow. The arrow hits Duvessa!
Duvessa is almost dead.
Duvessa hits you with a +0 short sword.
You shoot an arrow. The arrow hits Duvessa!
You kill Duvessa!
Dowan's eyes darken. "You have made a grave mistake."
Dowan seems to find hidden reserves of power!
Dowan hits you with a +5 dagger of flaming.
Dowan burns you.
Dowan hits you with a +5 dagger of flaming.
Dowan burns you.
Dowan hits you with a +5 dagger of flaming.
Dowan burns you.
Your Dodging skill gained 2 levels and is now at level 4!
You have reached level 7!
2775 ||| READING scroll of teleportation.
As you read the scroll of teleportation, it crumbles to dust.
You feel strangely unstable.
Dowan hits you with a +5 dagger of flaming.
You die...

.............
............
######## ...........
#......# ...)......
.......+ >......
.......# ....
.......##########e##
....(...'.......@)$#
#...)..##.....!....#
#####'###..........#
...)....#...##.....#
........#...########
........#..........#
).......#..........#
........#..........#
#.......#..........#


You could see Dowan (fast).

Vanquished Creatures
  Duvessa (D:5)
  A phantom (D:4)
  Blork the orc (D:4)
  2 hounds (D:4)
  An iguana (D:4)
  Ijyb (D:5)
  Terence (D:2)
  An orc wizard (D:5)
  4 adders
  4 gnolls (D:5)
  A white imp (D:4)
  2 dart slugs (D:1)
  9 orcs
  7 ball pythons
  5 endoplasms
  5 giant cockroaches
  7 goblins
  3 hobgoblins
  8 jackals
  6 kobolds
  2 quokkas
  3 bats
  3 frilled lizards
  4 rats
82 creatures vanquished.

Notes
Turn   | Place    | Note
-------+----------+-------------------------------------------
     0 | D:1      | qw the Deep Elf Hunter began the quest for the Orb.
     0 | D:1      | Reached XP level 1. HP: 12/12 MP: 3/3
     0 | D:1      | 0 ||| qw: Version: 0.3-a-157-g843a77d
     0 | D:1      | 0 ||| qw: Game counter: 3707
     0 | D:1      | 0 ||| qw: Melee chars always use a shield: true
     0 | D:1      | 0 ||| qw: God list: Okawaru
     0 | D:1      | 0 ||| qw: Allow faded altars: false
     0 | D:1      | 0 ||| qw: Do Orc after clearing Dungeon:15 true
     0 | D:1      | 0 ||| qw: Do second Lair branch before Depths: true
     0 | D:1      | 0 ||| qw: Lair rune preference: random
     0 | D:1      | 0 ||| qw: Goals: Normal
     0 | D:1      | 0 ||| PLANNING D:1-11
    44 | D:1      | Found Jupsaloll's Magic Scroll Shop.
    50 | D:1      | 50 ||| SHOPLISTING 3 scrolls of identify (60 gold, have 0).
    50 | D:1      | 50 ||| SHOPLISTING scroll of identify (20 gold, have 0).
    97 | D:1      | Reached skill level 6 in Ranged Weapons
    97 | D:1      | Reached XP level 2. HP: 15/16 MP: 4/4
   465 | D:1      | Reached XP level 3. HP: 20/20 MP: 5/5
   613 | D:1      | 613 ||| UPGRADING to +0 ring mail.
   623 | D:1      | 623 ||| DROPPING +0 leather armour.
   624 | D:1      | 624 ||| UPGRADING to +0 pair of gloves.
   629 | D:1      | 629 ||| READING scroll labelled TUNNAL SOTOP.
   629 | D:1      | 629 ||| ENCHANTING +0 shortbow.
   630 | D:1      | 630 ||| READING scroll labelled JOMALY QIOCW.
   630 | D:1      | 630 ||| BRANDING +1 shortbow.
   631 | D:1      | 631 ||| READING 2 scrolls labelled IPESHR GIAL.
   632 | D:1      | 632 ||| READING scroll labelled EPTIXTUFUR.
   633 | D:1      | 633 ||| READING scroll labelled RIOHUS PUHOCUC.
   633 | D:1      | 633 ||| ENCHANTING +0 pair of gloves.
   634 | D:1      | 634 ||| DRINKING 2 metallic orange potions.
   639 | D:1      | 639 ||| DROPPING scroll of butterflies.
   640 | D:1      | 640 ||| DROPPING scroll of summoning.
   641 | D:1      | 641 ||| DROPPING potion of ambrosia.
   741 | D:2      | Noticed Terence
   746 | D:2      | Killed Terence
   747 | D:2      | Reached skill level 7 in Ranged Weapons
   828 | D:2      | Found a runed translucent door.
   829 | D:2      | Noticed Crazy Yiuf
   907 | D:2      | Reached XP level 4. HP: 25/25 MP: 6/6
  1014 | D:2      | Found a shimmering altar of Xom.
  1046 | D:2      | Found Kaig Ales's Armour Emporium.
  1057 | D:2      | 1057 ||| BUYING +0 helmet (54 gold).
  1057 | D:2      | Bought a +0 helmet for 54 gold pieces
  1057 | D:2      | 1057 ||| SHOPLISTING +1 leather armour of cold resistance
                  | (168 gold, have 9).
  1253 | D:2      | 1253 ||| UPGRADING to +0 helmet.
  1258 | D:2      | 1258 ||| READING scroll labelled NUGIEC DOODWI.
  1259 | D:2      | 1259 ||| READING 2 scrolls labelled TUCEOWAABE.
  1259 | D:2      | 1259 ||| IDENTIFYING amethyst potion
  1260 | D:2      | 1260 ||| READING scroll of identify.
  1260 | D:2      | 1260 ||| IDENTIFYING scroll labelled TIREMOZYATE
  1261 | D:2      | 1261 ||| READING 2 scrolls labelled ENUIRALA GOEPA.
  1329 | D:2      | 1329 ||| READING scroll labelled MUEMMA JOFF.
  1330 | D:2      | 1330 ||| DROPPING potion of invisibility.
  1331 | D:2      | 1331 ||| DROPPING scroll of amnesia.
  1504 | D:3      | Found a faded altar of an unknown god.
  1662 | D:3      | 1662 ||| READING scroll of enchant weapon.
  1662 | D:3      | 1662 ||| ENCHANTING +1 heavy shortbow.
  1817 | D:3      | 1817 ||| UPGRADING to amulet of the acrobat.
  1822 | D:3      | 1822 ||| READING scroll of identify.
  1822 | D:3      | 1822 ||| IDENTIFYING 2 scrolls labelled ENKOOQOTOJE
  1823 | D:3      | 1823 ||| DROPPING 2 scrolls of revelation.
  1862 | D:4      | Noticed a phantom
  1874 | D:4      | Killed a phantom
  1875 | D:4      | Reached skill level 8 in Ranged Weapons
  1875 | D:4      | Reached XP level 5. HP: 24/29 MP: 7/7
  1876 | D:4      | Noticed Blork the orc
  1877 | D:4      | Reached skill level 9 in Ranged Weapons
  1879 | D:4      | Killed Blork the orc
  1880 | D:4      | Reached XP level 6. HP: 33/36 MP: 8/8
  2024 | D:4      | Reached skill level 1 in Armour
  2041 | D:4      | HP: 9/36 [poisoned by an adder]
  2108 | D:4      | 2108 ||| FLEEEEING.
  2109 | D:4      | 2109 ||| FLEEEEING.
  2110 | D:4      | 2110 ||| FLEEEEING.
  2111 | D:4      | 2111 ||| FLEEEEING.
  2459 | D:4      | 2459 ||| READING scroll of identify.
  2459 | D:4      | 2459 ||| IDENTIFYING orange potion
  2460 | D:4      | 2460 ||| READING scroll labelled NANKAL OTEGYT.
  2561 | D:4      | 2561 ||| DRINKING 2 bubbling orange potions.
  2562 | D:4      | 2562 ||| DROPPING potion of brilliance.
  2573 | D:5      | Entered Level 5 of the Dungeon
  2573 | D:5      | Noticed Ijyb
  2577 | D:5      | 2577 ||| STAIRDANCE
  2623 | D:5      | Killed Ijyb
  2625 | D:5      | 2625 ||| STAIRDANCE
  2763 | D:5      | Reached skill level 10 in Ranged Weapons
  2767 | D:5      | Noticed Dowan
  2768 | D:5      | Noticed Duvessa
  2769 | D:5      | 2769 ||| FLEEEEING.
  2774 | D:5      | Killed Duvessa
  2774 | D:5      | HP: 8/36 [Dowan/+5 dagger of flaming (2)]
  2774 | D:5      | HP: 3/36 [Dowan/+5 dagger of flaming (4)]
  2774 | D:5      | HP: 1/36 [Dowan/+5 dagger of flaming (2)]
  2775 | D:5      | Reached XP level 7. HP: 1/40 MP: 9/9
  2775 | D:5      | 2775 ||| READING scroll of teleportation.
  2775 | D:5      | Slain by Dowan

Levels and vault maps discovered:
D:1:      tarquinn_simple_flora_water_f, layout_basic, serial_shops, shop
D:2:      layout_loops_ring, serial_shops, nicolae_shop_statue_plus,
          basic_altar, uniq_terence, uniq_crazy_yiuf_cottage
D:3:      layout_basic, chequers_ecumenical_altar_island, minmay_strange_pillars
D:4:      layout_cave_pools, uniq_blork_the_orc
D:5:      layout_gridville, corexii_item_surrounded_by_moat, uniq_duvessa,
          uniq_ijyb

Skill      XL: |  1  2  3  4  5  6 |
---------------+-------------------+-----
Ranged Weapons | 6 7 8 9 10 | 10.0
Fighting       | 2 |  2.5
Armour         | 1 |  1.1
Dodging        | 4 |  4.0
Stealth        | |  1.2

Action                     |  1- 3 |  4- 6 |  7- 9 || total
---------------------------+-------+-------+-------++-------
   Fire: Shortbow          |    82 |   130 |       ||   212
    Use: Scroll            |     5 |     9 |     1 ||    15
         Potion            |     1 |     1 |       ||     2
 Armour: Leather armour    |     4 |       |       ||     4
         Ring mail         |     9 |    54 |     1 ||    64
  Dodge: Dodged            |    13 |    40 |       ||    53

Table legend:
 A = Non-vault XP
 B = Vault XP
 C = Vault XP percentage of total XP
 D = Non-vault monster count
 E = Vault monster count
 F = Vault count percentage of total count
                 A         B        C        D         E       F
            +---------+---------+-------+---------+---------+-------
      Total |     515 |     313 |  37.8 |      78 |       4 |   4.9
            +---------+---------+-------+---------+---------+-------
        D:1 |      42 |       0 |   0.0 |      21 |       0 |   0.0
        D:2 |      35 |      36 |  50.7 |      14 |       1 |   6.7
        D:3 |      25 |       0 |   0.0 |      12 |       0 |   0.0
        D:4 |     299 |      96 |  24.3 |      22 |       1 |   4.3
        D:5 |     114 |     181 |  61.4 |       9 |       2 |  18.2
            +---------+---------+-------+---------+---------+-------
